 Dungeon Crawl Stone Soup version 0.17-a0-1447-g3d113ad (webtiles) character file.

112 HEYYEYAAE the Ducker (level 4, -1/25 HPs)
             Began as a Spriggan Berserker on June 29, 2015.
             Was a Believer of Trog.
             Blown up by a goblin (17 damage)
             ... with a wand of disintegration
             ... on level 3 of the Dungeon.
             The game lasted 00:02:45 (2392 turns).

HEYYEYAAE the Ducker (Spriggan Berserker)           Turns: 2392, Time: 00:02:45

Health: -1/25      AC:  3    Str: 14    XL:     4   Next: 63%
Magic:  14/14      EV: 20    Int:  8    God:    Trog [**....]
Gold:   127        SH:  0    Dex: 15    Spells: 0 memorised, 3 levels left

rFire  + . .     SeeInvis +     k - +2 flail (crush)
rCold  . . .     Clarity  .     b - +0 animal skin
rNeg   . . .     SustAt   .     (shield restricted)
rPois  .         Gourm    .     (helmet restricted)
rElec  .         Spirit   .     u - +0 cloak
rCorr  .         Warding  .     (gloves unavailable)
rMut   .         Stasis   .     (boots unavailable)
MR     .....                    (no amulet)
Stlth  +.........               t - ring of magical power
                                s - ring of protection from fire

@: very quick, not resistant to hostile enchantments, very unstealthy
A: unfitting armour, see invisible, herbivore 3, speed 3, slow metabolism 2
a: Burn Spellbooks, Berserk, Trog's Hand, Renounce Religion


You were on level 3 of the Dungeon.
You worshipped Trog.
Trog was pleased with you.
You were very hungry.

You visited 1 branch of the dungeon, and saw 3 of its levels.

You collected 127 gold pieces.

Inventory:

Hand weapons
 a - a +0 hand axe
 d - a +1 dagger of speed
 j - a +2 short sword of speed
 k - a +2 flail of crushing (weapon)
Armour
 b - a +0 animal skin (worn)
 u - a +0 cloak (worn)
Jewellery
 s - a ring of protection from fire (left hand)
 t - a ring of magical power (right hand)
Scrolls
 e - 2 scrolls of recharging {unknown}
 h - 5 scrolls of remove curse {unknown}
 i - 2 scrolls of noise {unknown}
 l - a scroll of fear {unknown}
 m - a scroll of immolation {unknown}
 n - 2 scrolls of identify {unknown}
 o - a scroll of random uselessness {unknown}
 q - a scroll of teleportation {unknown}
 r - a scroll of fog {unknown}
Potions
 f - 2 potions of curing {unknown}
 g - a potion of might {unknown}
 p - a potion of lignification {unknown}
Comestibles
 c - 2 bread rations


   Skills:
 * Level 3.9 Fighting
 - Level 2.5 Axes
 + Level 5.7 Dodging


You had 3 spell levels left.
You didn't know any spells.

Dungeon Overview and Level Annotations

Branches:
Dungeon (3/15)

Altars:
Makhleb
Trog


Innate Abilities, Weirdness & Mutations

You are tiny and cannot use many weapons and most armour.
You have supernaturally acute eyesight.
You are a herbivore.
You cover ground extremely quickly.
You need consume almost no food.


Message History

No target in view!
No target in view!
No target in view!
No target in view!
No target in view!
You see here a giant cockroach corpse.
A kobold comes into view. It is wielding a short sword.
A kobold is nearby!
A kobold is nearby!
A kobold is nearby! 2 goblins come into view.
The goblin shouts!
An orc comes into view.
The goblin zaps a wand.
You struggle to resist.
It is a wand of disintegration.
The kobold barely misses you.
An orc priest comes into view. It is wielding a mace.
You completely miss the kobold. The kobold misses you.
The goblin zaps a wand.
You are blasted!
Ouch! That really hurt!
You die...

# #..# # ..# #
#.########## #
#.##.......###. #
#..........goo. ##+#
#.........g.... ##.#
#..............
...#######†##.......#
#..........##...@...#
#..........##....K..#
#..........##.......#
+..........##.......#
#..........##.......#
#..........##.......#
#..........##.......#
#####################


You could see an orc priest (wandering), an orc (wandering), 2 goblins and a
kobold.

Vanquished Creatures
  An orc wizard (D:3)
  3 adders
  An ooze (D:2)
  4 giant geckos
  2 orcs (D:3)
  A ball python (D:1)
  3 bats
  6 hobgoblins
  5 giant cockroaches
  A giant newt (D:1)
  8 goblins
  7 kobolds
  3 quokkas
  4 rats
49 creatures vanquished.

Notes
Turn   | Place    | Note
--------------------------------------------------------------
     0 | D:1      | HEYYEYAAE the Spriggan Berserker began the quest for the Orb.
     0 | D:1      | Reached XP level 1. HP: 11/11 MP: 2/2
   225 | D:1      | Reached XP level 2. HP: 16/16 MP: 3/3
   933 | D:1      | Acquired Trog's second power
  1069 | D:2      | Reached skill level 5 in Dodging
  1069 | D:2      | Reached XP level 3. HP: 20/20 MP: 4/4
  1447 | D:2      | Found a burning altar of Makhleb.
  1448 | D:2      | Noticed a green death
  1452 | D:2      | Noticed a ynoxinul
  1452 | D:2      | Noticed a ynoxinul
  1530 | D:2      | Found a bloodstained altar of Trog.
  2089 | D:3      | Reached XP level 4. HP: 15/24 MP: 5/5
  2392 | D:3      | Blown up by a goblin

Vault maps used:
D:1:      minmay_arrival_four_loops, st_stairs_13
D:2:      old_standard_altar, makhleb_altar_promises_db
D:3:      first_bread, fedhas_altar_4

Action                   |  1- 3 |  4- 6 || total
-------------------------+-------+-------++-------
Melee: Hand axe          |    11 |       ||    11
       Dagger            |    69 |       ||    69
       Flail             |    41 |    19 ||    60
       Short sword       |     5 |       ||     5
Invok: Berserk           |     1 |     1 ||     2
       Trog's Hand       |       |     1 ||     1
 Stab: Sleeping          |     5 |       ||     5
